 Dungeon Crawl Stone Soup version 0.31-a0-4-gefa6de2278 (console) character file.

Game seed: 2039128846997705355

676 jejorda2 the Spear-Bearer (level 7, -2/57 HPs)
             Began as a Merfolk Berserker on May 3, 2023.
             Was a Priest of Trog.
             Slain by an ogre
             ... wielding a +0 giant club
              (16 damage)
             ... on level 4 of the Dungeon.
             The game lasted 00:07:38 (3201 turns).

jejorda2 the Spear-Bearer (Merfolk Berserker)       Turns: 3201, Time: 00:07:39

Health: -2/57      AC: 13    Str: 19    XL:     7   Next: 59%
Magic:  7/7        EV:  6    Int:  7    God:    Trog [***...]
Gold:   159        SH:  0    Dex: 13    Spells: 6/6 levels left

rFire   . . .        a - +0 halberd
rCold   . . .        (shield currently unavailable)
rNeg    . . .        s - +0 plate armour
rPois   .            u - +1 helmet {SInv}
rElec   .            (no cloak)
rCorr   .            (no gloves)
SInv    +            (no boots)
Will    .....        l - amulet of regeneration Stlth
                     (no ring)
HPRegen 1.09/turn    (no ring)
MPRegen 0.10/turn

%: no passive effects
@: on berserk cooldown, hasted and slowed
A: (nimble swimmer 2), mertail
a: Renounce Religion, Berserk, Trog's Hand


You were on level 4 of the Dungeon.
You worshipped Trog.
Trog was most pleased with you.
You visited 1 branch of the dungeon, and saw 4 of its levels.

You collected 159 gold pieces.

Inventory:

Hand Weapons
 a - a +0 halberd (weapon)
 p - a +0 spear
Missiles
 d - 77 stones (quivered)
 k - 6 curare-tipped darts
Armour
 s - a +0 plate armour (worn)
 u - a +1 helmet of see invisible (worn)
Jewellery
 l - an amulet of regeneration (around neck)
Wands
 t - a wand of iceblast (4)
Scrolls
 b - 6 scrolls of identify {unknown}
 i - a scroll of immolation {unknown}
 j - a scroll of fear {unknown}
 n - a scroll of amnesia {unknown}
 o - 2 scrolls of torment {unknown}
 q - 2 scrolls of enchant armour {unknown}
 r - a scroll of blinking {unknown}
Potions
 e - a potion of lignification {unknown}
 f - 2 potions of mutation {unknown}
 g - 2 potions of degeneration {unknown}
 h - a potion of heal wounds {unknown}
 m - 4 potions of curing {unknown}


   Skills:
 + Level 5.6 Fighting
 * Level 8.9 Polearms
 + Level 2.7 Armour
 - Level 2.6 Dodging


You had 6 spell levels left.
You didn't know any spells.
Your spell library was empty.

Dungeon Overview and Level Annotations

Branches:
Dungeon (4/15)             Temple (0/1) D:4

Altars:
Ashenzari
The Shining One

Shops:
D:4 *

Annotations:
D:4 1 transporter


Innate Abilities, Weirdness & Mutations

((You are very nimble when in or above water. (Stealth+, EV+, Speed+++)))
Your lower body shifts to a powerful aquatic tail in water.


Message History

Bchevrier's ghost hits you but does no damage.
The ogre hits you with a +0 giant club!!
You hit bchevrier's ghost.
Bchevrier's ghost is heavily damaged.
Bchevrier's ghost hits you but does no damage.
You hit bchevrier's ghost.
Bchevrier's ghost is heavily damaged.
Bchevrier's ghost hits you. The ogre barely misses you.
You slash bchevrier's ghost!
Bchevrier's ghost is severely damaged.
Bchevrier's ghost hits you but does no damage.
You puncture bchevrier's ghost!
Bchevrier's ghost is almost destroyed.
The ogre hits you with a +0 giant club!
You are too injured to fight recklessly!
You are too injured to fight recklessly!
You are too injured to fight recklessly!
You are too injured to fight recklessly!
You are too injured to fight recklessly!
Your skin stops crawling.
You feel less strong-willed.
You slash bchevrier's ghost!
You destroy bchevrier's ghost!
Trog accepts your kill.
Your Polearms skill increases to level 8!
You have reached level 7!
You barely miss the ogre. You impale the ogre!!
The ogre is severely wounded.
You are no longer berserk.
You are exhausted.
You feel yourself slow down. The ogre attacks as you move away!
The ogre hits you but does no damage.
You hit the ogre.
The ogre is lightly wounded.
The ogre hits you with a +0 giant club!!
* * * LOW HITPOINT WARNING * * *
It was a potion of haste.
You feel yourself speed up. The ogre barely misses you.
The ogre attacks as you move away! The ogre hits you with a +0 giant club!
You die...

#.........#####.# #.##......#
#....)....# ###'####.......#..
#.........###<................
#................#######......
#......©.©.......# #...##.
#.#############..# #...##.
#.#.....=$....#### #...##.
###..##...##..# #...##.
#.#..#.#..#@# #...##.
#.#..#O#..#O# #...##.
#..##...##.O# #...##.
#.....©....©# ######.
############# #. #. ##


You could see 2 ogres.

Vanquished Creatures
  The ghost of bchevrier the Protected, a novice GnWn (D:4)
  A scorpion (D:4)
  A howler monkey (D:4)
  A hound (D:4)
  Terence (D:2)
  An orc wizard (D:3)
  8 gnolls
  An adder (D:4)
  2 worms (D:2)
  4 dart slugs
  8 orcs
  6 endoplasms
  3 giant cockroaches (D:1)
  10 goblins
  9 hobgoblins
  9 jackals
  10 kobolds
  3 quokkas (D:1)
  6 ball pythons
  5 bats
  3 frilled lizards (D:1)
  6 rats
99 creatures vanquished.

Vanquished Creatures (others)
  2 fungi (D:1)
  2 plants (D:1)
4 creatures vanquished.

Grand Total: 103 creatures vanquished

Notes
Turn   | Place    | Note
-------+----------+-------------------------------------------
     0 | D:1      | jejorda2 the Merfolk Berserker began the quest for the Orb.
     0 | D:1      | Reached XP level 1. HP: 18/18 MP: 1/1
    98 | D:1      | Found a faded altar of an unknown god.
   120 | D:1      | Reached XP level 2. HP: 21/24 MP: 2/2
   335 | D:1      | Reached skill level 5 in Polearms
   641 | D:1      | Reached XP level 3. HP: 30/30 MP: 3/3
   757 | D:1      | Reached ** piety under Trog
  1202 | D:2      | Noticed Terence
  1211 | D:2      | Killed Terence
  1212 | D:2      | Reached XP level 4. HP: 37/37 MP: 4/4
  1559 | D:2      | Reached skill level 6 in Polearms
  1569 | D:2      | Reached XP level 5. HP: 43/43 MP: 5/5
  1988 | D:3      | Found a broken altar of Ashenzari.
  2030 | D:3      | Reached *** piety under Trog
  2355 | D:4      | Reached skill level 7 in Polearms
  2376 | D:4      | Reached XP level 6. HP: 50/50 MP: 6/6
  2587 | D:4      | Found a staircase to the Ecumenical Temple.
  2602 | D:4      | Reached skill level 5 in Fighting
  2734 | D:4      | Found a transporter.
  2737 | D:4      | Noticed bchevrier's ghost (novice GnWn)
  2737 | D:4      | Identified the +2 giant club of the Silent Majority {heavy,
                  | rElec rPois Will+ Str+2}
  2895 | D:4      | Found Yxalid's General Store.
  2970 | D:4      | Found a glowing golden altar of the Shining One.
  3170 | D:4      | Found a transporter.
  3195 | D:4      | Killed bchevrier's ghost
  3196 | D:4      | Reached skill level 8 in Polearms
  3196 | D:4      | Reached XP level 7. HP: 43/57 MP: 7/7
  3201 | D:4      | Slain by an ogre

Illustrated notes

Levels and vault maps discovered:
D:1:      dpeg_arrival_court, layout_basic, dreamdust_ecumenical_altar_grove
D:2:      layout_basic, uniq_terence
D:3:      layout_rooms, ashenzari_altar_1, minmay_cupped
D:4:      layout_basic, kennysheep_mini, minmay_temple_entry_glass,
          gammafunk_ghost_smash, serial_shops, shop

Skill      XL: |  1  2  3  4  5  6 |
---------------+-------------------+-----
Polearms       | 5 6 7 8 |  8.9
Fighting       | 4 5 |  5.6
Armour         | 2 |  2.7
Dodging        | |  2.6

Action                     |  1- 3 |  4- 6 |  7- 9 || total
---------------------------+-------+-------+-------++-------
  Melee: Spear             |   122 |    53 |       ||   175
         Punch             |     1 |       |       ||     1
         Halberd           |       |   147 |     3 ||   150
  Throw: Stone             |       |     7 |       ||     7
 Invoke: Berserk           |     2 |     3 |       ||     5
         Trog's Hand       |       |     2 |       ||     2
    Use: Potion            |       |       |     1 ||     1
   Stab: Sleeping          |     1 |       |       ||     1
 Armour: Scale mail        |    40 |       |       ||    40
         Chain mail        |       |    18 |       ||    18
         Plate armour      |       |    48 |     1 ||    49
  Dodge: Dodged            |    59 |    51 |     1 ||   111

Table legend: (Time is in decaauts)
 A = Elapsed time spent in this place.
 B = Non-inter-level travel time spent in this place.
 C = Inter-level travel time spent in this place.
 D = Time resting spent in this place.
 E = Time spent auto-exploring this place.
 F = Levels seen in this place.
 G = Mean time per level.
                   A        B        C        D        E       F      G
               +--------+--------+--------+--------+--------+-----+--------+
         Total |   3228 |   3096 |    132 |    161 |   2259 |   4 |  807.0 |
       Dungeon |   3228 |   3096 |    132 |    161 |   2259 |   4 |  807.0 |
               +--------+--------+--------+--------+--------+-----+--------+

Top non-repeatable levels by time:
     D:1: 1056 daAuts
     D:4: 896 daAuts
     D:2: 809 daAuts
     D:3: 466 daAuts
